 Dungeon Crawl Stone Soup version 0.31-a0-365-gcf821cafb2 (webtiles) character file.

Game seed: 4814906815392972711

96 spiderkeys the Sneak (level 4, -5/29 HPs)
             Began as an Octopode Wanderer on July 27, 2023.
             Slain by Crazy Yiuf
             ... wielding a +2 quarterstaff of chaos
              (7 damage)
             ... on level 3 of the Dungeon.
             The game lasted 00:02:38 (2333 turns).

spiderkeys the Sneak (Octopode Wanderer)            Turns: 2333, Time: 00:02:38

Health: -5/29      AC:  1    Str: 17    XL:     4   Next: 67%
Magic:  8/8        EV: 12    Int: 17    God:
Gold:   119        SH:  0    Dex: 10    Spells: 6/8 levels left

rFire   . . .        h - +2 whip (drain)
rCold   . . .        (no shield)
rNeg    . . .        (helmet restricted)
rPois   .            (no amulet)
rElec   .            S - +6 ring of strength
rCorr   .            (no ring)
SInv    .            (no ring)
Will    .....        (no ring)
Stlth   ++++         (no ring)
HPRegen 0.24/turn    (no ring)
MPRegen 0.11/turn    (no ring)
                     (no ring)

%: no passive effects
@: lethally poisoned (-5 -> -13)
A: almost no armour, amphibious, 8 rings, camouflage 1, gelatinous body 1,
(nimble swimmer 1), tentacles
a: no special abilities


You were on level 3 of the Dungeon.
You visited 1 branch of the dungeon, and saw 3 of its levels.

You collected 119 gold pieces.


Innate Abilities, Weirdness & Mutations

You cannot wear most types of armour.
You are amphibious.
You can wear up to eight rings at the same time.
Your skin changes colour to match your surroundings (Stealth+).
Your rubbery body absorbs attacks. (AC +1, EV +1)
((You are camouflaged when in or above water. (Stealth+)))
You have tentacles for arms and can constrict up to eight enemies at once.


   Skills:
 + Level 2.2 Fighting
 - Level 1.0 Throwing
 - Level 5.3 Stealth
 - Level 1.0 Shields
 + Level 1.8 Unarmed Combat
 + Level 2.7 Spellcasting
 + Level 2.7 Poison Magic


You had 6 spell levels left.
You knew the following spells:

 Your Spells              Type           Power      Damage    Failure   Level
p - Poisonous Vapours     Pois/Air       12%        N/A       16%         2

Your spell library contained the following spells:

 Spells                   Type           Power      Damage    Failure   Level
 Necrotise                Necr           8%         1d4       19%         1
 Cigotuvi's Dreadful Rot  Necr/Pois/Air  10%        N/A       19%         2
 Inner Flame              Hex/Fire       2%         N/A       47%         3
 Vampiric Draining        Necr           2%         2d6       47%         3
 Flame Wave               Conj/Fire      2%         2d4       87%         4
 Sticky Flame             Conj/Fire      2%         2d3       87%         4
 Agony                    Necr           2%         N/A       99%         5

Inventory:

Hand Weapons
 a - a +0 dagger
 h - a +2 whip of draining (weapon)
   (You took it off a kobold on level 1 of the Dungeon)
Missiles
 b - an atropa-tipped dart (quivered)
 c - a datura-tipped dart
 g - 33 stones
 q - a throwing net {=f!f}
Armour
 d - a +0 buckler
Jewellery
 S - a +6 ring of strength (left tentacle)
   (You found it on level 1 of the Dungeon)
Scrolls
 e - 2 scrolls of teleportation {@r4}
 i - a scroll of poison {unknown}
 j - 6 scrolls of identify {unknown}
 k - a scroll of blinking {unknown}
 l - a scroll of vulnerability {unknown}
 m - a scroll of fog {unknown}
Potions
 f - a potion of lignification {unknown}
 n - 2 potions of enlightenment {unknown}
 o - a potion of degeneration {unknown}
 p - a potion of curing {unknown}

Dungeon Overview and Level Annotations

Branches:
Dungeon (3/15) Zot: 15660

Altars:

Annotations:
D:3 Crazy Yiuf

##.#.#.....# ♣..P♣♣ ##########.#
.#.#...[..## ♣♣.♣♣ #..........#
.#.##.....# ♣.♣♣ ##########.#
.#.##.....# ♣♣.♣ #..........#
.#.##.....# ♣.♣♣ ##########.#
.#.##.....# ♣♣.♣ #.. ..........#
##'## ##########.# ..........#
#...# #........#.# ..........##
#.@.# #....†...#.# ##.##.#....#
#.g)# #........'.† #.##.######
##### #........#.# #.##.######
##########.# #.##......#
######..........#
##.##############.#.##.#######..#
.........#......#.#.##.......#..#
##.#####.#.####.#.#.##....##.#..#
##....##.#.#<##.#.#.##.....#.#..#


You could see Crazy Yiuf.


Message History

Found a stone staircase leading down.
Found an escape hatch in the ceiling.
An endoplasm comes into view.
An endoplasm is nearby!
An endoplasm is nearby!
An endoplasm is nearby!
An endoplasm is nearby!
The endoplasm quivers.
You hit the endoplasm but do no damage. The endoplasm freezes you.
You are frozen. 😕 HP[-1]
You take 1 damage, and now have 28/29 hp.
You barely miss the endoplasm. You squeeze the endoplasm.
You kill the endoplasm!
No target in view!
No target in view!
There is an escape hatch in the ceiling here.
q - a throwing net {=f!f} Key pressed, stopping explore.
Key pressed, stopping explore.
You see here a +0 club.
A bat comes into view.
There is a stone staircase leading down here. 😎 HP[+1]
Your hp is fully restored (29).
A bat is nearby!
A bat is nearby!
A bat is nearby!
The bat hits you. The bat closely misses you. 😕 HP[-1]
You take 1 damage, and now have 28/29 hp.
You whack the bat!
You kill the bat!
No target in view!
No target in view!
You see here a bat corpse.
You now have 119 gold pieces (gained 6).
Key pressed, stopping explore.
There is an escape hatch in the floor here.
Key pressed, stopping explore.
Key pressed, stopping explore.
g - 33 stones (gained 6)
There is an open door here.
You see here a +0 rapier.
A giant cockroach comes into view. 😎 HP[+1]
Your hp is fully restored (29).
A giant cockroach is nearby!
A giant cockroach is nearby!
You hit the giant cockroach but do no damage.
You drain the giant cockroach. You grab the giant cockroach.
You constrict the giant cockroach, but do no damage.
The giant cockroach bites you. 😕 HP[-1]
You take 1 damage, and now have 28/29 hp.
You hit the giant cockroach.
You kill the giant cockroach!
Key pressed, stopping explore.
Key pressed, stopping explore.
An endoplasm comes into view. 😎 HP[+1]
Your hp is fully restored (29).
An endoplasm is nearby!
The endoplasm quivers.
You hit the endoplasm. You drain the endoplasm. You squeeze the endoplasm.
You kill the endoplasm!
No target in view!
No target in view!
Key pressed, stopping explore.
There is an open door here.
Key pressed, stopping explore.
You open the door.
There is an open door here.
Found a runed translucent door.
Could not explore, unopened runed door.
You open the door.
There is an open translucent door here.
Crazy Yiuf shouts!
Crazy Yiuf barely misses you.
You closely miss Crazy Yiuf. You grab Crazy Yiuf. You constrict Crazy Yiuf.
Crazy Yiuf says, "Crazy?
Crazy!?
PORCUPINE!"
Crazy Yiuf hits you with a +2 quarterstaff of chaos. 😕 HP[-6]
You take 6 damage, and now have 23/29 hp.
MASSIVE DAMAGE!! (PAUSE)
You hit Crazy Yiuf. You constrict Crazy Yiuf.
Crazy Yiuf hits you with a +2 quarterstaff of chaos!
Ouch! That really hurt!
* * * LOW HITPOINT WARNING * * *
You are lethally poisoned! 😱 HP[-17]
You take 17 damage, and now have 6/29 hp.
MASSIVE DAMAGE!! (PAUSE)
You hit Crazy Yiuf. You tentacle-slap Crazy Yiuf. You constrict Crazy Yiuf.
* * * LOW HITPOINT WARNING * * *
You feel very sick.
Crazy Yiuf says, "Action sing canine!"
Crazy Yiuf hits you with a +2 quarterstaff of chaos!
You die...

Skill      XL: |  1  2  3 |
---------------+----------+-----
Unarmed Combat | 1 |  1.8
Poison Magic   | 2 |  2.7
Fighting       | 2 |  2.2
Throwing       | |  1.0
Stealth        | |  5.3
Shields        | |  1.0
Spellcasting   | |  2.7

Action                     |  1- 3 |  4- 6 || total
---------------------------+-------+-------++-------
  Melee: Unarmed           |    14 |       ||    14
         Constrict         |    15 |     7 ||    22
         Tentacles         |     6 |     4 ||    10
         Dagger            |     1 |       ||     1
         Whip              |    52 |    23 ||    75
         Punch             |       |     1 ||     1
   Stab: Sleeping          |    15 |       ||    15
 Armour: Skin              |     2 |       ||     2
  Dodge: Dodged            |    28 |    20 ||    48

Levels and vault maps discovered:
D:1:      minmay_arrival_four_loops, layout_rooms,
          dreamdust_ecumenical_altar_angels_and_demons
D:2:      wander_river, layout_loops_cross
D:3:      layout_basic, uniq_crazy_yiuf_cottage

Notes
Turn   | Place    | Note
-------+----------+-------------------------------------------
     0 | D:1      | spiderkeys the Octopode Wanderer began the quest for the
                  | Orb.
     0 | D:1      | spiderkeys set off with the following items: a +0 dagger,
                  | an atropa-tipped dart, a datura-tipped dart, a +0 buckler,
                  | a scroll of teleportation {@r4}; and the following spells
                  | available to memorise: Poisonous Vapours, Cigotuvi's
                  | Dreadful Rot.
     0 | D:1      | Reached XP level 1. HP: 13/13 MP: 3/3
     0 | D:1      | magus.rc [v1.11.6]
   200 | D:1      | Reached XP level 2. HP: 10/18 MP: 5/5
   203 | D:1      | HP: 3/18 [goblin/+0 dagger (3)]
   306 | D:1      | Found a faded altar of an unknown god.
   591 | D:2      | Reached skill level 1 in Unarmed Combat
   658 | D:2      | Reached skill level 2 in Poison Magic
   658 | D:2      | Reached XP level 3. HP: 24/24 MP: 6/6
   727 | D:2      | Learned a level 2 spell: Poisonous Vapours
  1157 | D:2      | Reached skill level 2 in Fighting
  1327 | D:3      | You add the spells Necrotise, Vampiric Draining and Agony
                  | to your library.
  1359 | D:3      | Reached XP level 4. HP: 14/29 MP: 7/7
  1603 | D:3      | You add the spells Inner Flame, Sticky Flame and Flame Wave
                  | to your library.
  1646 | D:3      | HP: 5/29 [gnoll/+0 halberd (16)]
  2323 | D:3      | Found a runed translucent door.
  2324 | D:3      | Noticed Crazy Yiuf
  2332 | D:3      | HP: 6/29 [Crazy Yiuf/+2 quarterstaff of chaos (17)]
  2333 | D:3      | HP: 2/29 [poisoned by Crazy Yiuf]
  2333 | D:3      | Slain by Crazy Yiuf

Vanquished Creatures
  3 gnolls (D:3)
  An adder (D:2)
  2 worms (D:2)
  A dart slug (D:2)
  An orc (D:3)
  8 ball pythons
  4 endoplasms
  A giant cockroach (D:3)
  3 goblins
  7 hobgoblins
  5 kobolds
  A quokka (D:2)
  6 bats
  2 frilled lizards
  5 rats
50 creatures vanquished.

Table legend:
 A = Non-vault XP
 B = Vault XP
 C = Vault XP percentage of total XP
 D = Non-vault monster count
 E = Vault monster count
 F = Vault count percentage of total count
                 A         B        C        D         E       F
            +---------+---------+-------+---------+---------+-------
      Total |     138 |       0 |   0.0 |      50 |       0 |   0.0
            +---------+---------+-------+---------+---------+-------
        D:1 |      24 |       0 |   0.0 |      15 |       0 |   0.0
        D:2 |      55 |       0 |   0.0 |      21 |       0 |   0.0
        D:3 |      59 |       0 |   0.0 |      14 |       0 |   0.0
            +---------+---------+-------+---------+---------+-------

Skill      XL: |  1  2  3 |
---------------+----------+-----
Unarmed Combat | 1 |  1.8
Poison Magic   | 2 |  2.7
Fighting       | 2 |  2.2
Throwing       | |  1.0
Stealth        | |  5.3
Shields        | |  1.0
Spellcasting   | |  2.7

Action                     |  1- 3 |  4- 6 || total
---------------------------+-------+-------++-------
  Melee: Unarmed           |    14 |       ||    14
         Constrict         |    15 |     7 ||    22
         Tentacles         |     6 |     4 ||    10
         Dagger            |     1 |       ||     1
         Whip              |    52 |    23 ||    75
         Punch             |       |     1 ||     1
   Stab: Sleeping          |    15 |       ||    15
 Armour: Skin              |     2 |       ||     2
  Dodge: Dodged            |    28 |    20 ||    48

Illustrated notes

Table legend:
 A = Kills in this place as a percentage of kills in the entire game.
 B = Kills by you in this place as a percentage of kills by you in the entire game.
 C = Kills by friends in this place as a percentage of kills by friends in the entire game.
 D = Other kills in this place as a percentage of other kills in the entire game.
 E = Experience gained in this place as a percentage of experience gained in the entire game.
 F = Experience gained in this place divided by the number of levels of this place that you have seen.
                   A       B       C       D       E      F
               +-------+-------+-------+-------+-------+----------------------
         Total | 100.0 | 100.0 |   N/A |   N/A | 100.0 |  46.0
       Dungeon | 100.0 | 100.0 |   N/A |   N/A | 100.0 |  46.0
               +-------+-------+-------+-------+-------+----------------------

Table legend: (Time is in decaauts)
 A = Elapsed time spent in this place.
 B = Non-inter-level travel time spent in this place.
 C = Inter-level travel time spent in this place.
 D = Time resting spent in this place.
 E = Time spent auto-exploring this place.
 F = Levels seen in this place.
 G = Mean time per level.
                   A        B        C        D        E       F      G
               +--------+--------+--------+--------+--------+-----+--------+
         Total |   2338 |   2282 |     56 |      0 |   1958 |   3 |  779.3 |
       Dungeon |   2338 |   2282 |     56 |      0 |   1958 |   3 |  779.3 |
               +--------+--------+--------+--------+--------+-----+--------+

Top non-repeatable levels by time:
     D:3: 1042 daAuts
     D:2: 716 daAuts
     D:1: 579 daAuts
